 Dungeon Crawl Stone Soup version 0.25.1-1-g288607f (webtiles) character file.

Game seed: 10738155967611894178

47 RonnieColeman the Conjurer (level 3, -2/23 HPs)
             Began as an Octopode Conjurer on Sept 11, 2020.
             Shot with a stone by a goblin (4 damage)
             ... on level 2 of the Dungeon.
             The game lasted 00:02:20 (1211 turns).

RonnieColeman the Conjurer (Octopode Conjurer)      Turns: 1211, Time: 00:02:20

Health: -2/23      AC:  1    Str:  7    XL:     3   Next: 70%
Magic:  7/7        EV: 13    Int: 18    God:
Gold:   17         SH:  0    Dex: 12    Spells: 7/8 levels left

rFire    . . .     SeeInvis .   d - +0 dagger
rCold    . . .     Gourm    .   (no shield)
rNeg     . . .     Faith    .   (helmet restricted)
rPois    .         Spirit   .   (no amulet)
rElec    .         Reflect  .   (no ring)
rCorr    .         Harm     .   (no ring)
MR       .....                  (no ring)
Stlth    +++.......             (no ring)
HPRegen  0.07/turn              (no ring)
MPRegen  0.10/turn              (no ring)
                                (no ring)
                                (no ring)

@: no status effects
A: almost no armour, stealthy swim, amphibious, 8 rings, constrict 8, camouflage
1, gelatinous body 1
a: no special abilities


You were on level 2 of the Dungeon.
You were not hungry.

You visited 1 branch of the dungeon, and saw 2 of its levels.

You collected 17 gold pieces.

Inventory:

Hand Weapons
 d - a +0 dagger (weapon)
Scrolls
 c - 2 scrolls of identify {unknown}
 e - 3 scrolls of remove curse {unknown}
 g - a scroll of enchant weapon {unknown}
Potions
 f - a potion of heal wounds {unknown}
 h - a potion of resistance {unknown}
 i - a potion of might {unknown}
Comestibles
 a - 2 chunks of flesh
 b - 5 rations


   Skills:
 + Level 1.3 Fighting
 - Level 2.0 Dodging
 - Level 2.6 Stealth
 * Level 3.0 Spellcasting
 + Level 4.3 Conjurations


You had 7 spell levels left.
You knew the following spells:

 Your Spells              Type           Power        Failure   Level  Hunger
a - Magic Dart            Conj           ###.         2%          1    None

Your spell library contained the following spells:

 Spells                   Type           Power        Failure   Level  Hunger
 Searing Ray              Conj           ###...       4%          2    ##.....
 Dazzling Flash           Conj/Hex       ##....       21%         3    ###....
 Fulminant Prism          Conj/Hex       ##........   54%         4    ####...
 Iskenderun's Mystic Bla  Conj/Tloc      ##......     54%         4    ####...


Dungeon Overview and Level Annotations

Branches:
Dungeon (2/15)

Altars:


Innate Abilities, Weirdness & Mutations

You cannot wear most types of armour.
You are very stealthy in the water. (Stealth+)
You are amphibious.
You can wear up to eight rings at the same time.
You can use your tentacles to constrict eight enemies at once.
Your skin changes colour to match your surroundings (Stealth+).
Your rubbery body absorbs attacks. (AC +1, EV +1)


Message History

The goblin shouts!
The goblin unwields a +0 dagger.
The goblin wields a +0 hunting sling.
The goblin shoots a stone.
The stone barely misses you.
You see here a stone.
A centaur zombie comes into view.
The goblin shoots a stone.
The stone hits you!
A dart slug comes into view.
You see here 19 stones.
A frilled lizard and a leopard gecko come into view.
The goblin shoots a stone.
The stone hits you.
You see here a stone.
The leopard gecko hisses angrily.
The frilled lizard hisses angrily.
The goblin shoots a stone.
The stone closely misses you.
The goblin shoots a stone.
The stone hits you.
You see here a stone.
The goblin shoots a stone.
The stone hits you.
* * * LOW HITPOINT WARNING * * *
You see here a stone.
The goblin shoots a stone.
The stone hits you.
You die...

..............#
..............#
........wg....#
......Zl......#
.......l......#
#g.......#
#((......#
#((......#
#@.......#
#.(......+
#....)...#
#.#......#
#.###.##.# #.#
#.##.# #.#
#.##.# #.#
#.##.# #.
#.##.#


You could see a dart slug, a centaur zombie, a leopard gecko, 2 goblins and a
frilled lizard.

Vanquished Creatures
  Robin (D:2)
  A worm (D:2)
  5 bats (D:1)
  4 hobgoblins
  2 ball pythons (D:1)
  2 frilled lizards (D:1)
  10 goblins
  4 kobolds (D:1)
  4 rats
33 creatures vanquished.

Notes
Turn   | Place    | Note
-------+----------+-------------------------------------------
     0 | D:1      | RonnieColeman the Octopode Conjurer began the quest for the
                  | Orb.
     0 | D:1      | Reached XP level 1. HP: 11/11 MP: 3/3
   152 | D:1      | Reached XP level 2. HP: 16/18 MP: 5/5
   756 | D:1      | Reached skill level 1 in Fighting
   762 | D:1      | Reached XP level 3. HP: 18/23 MP: 7/7
   931 | D:2      | Noticed Robin
   933 | D:2      | Killed Robin
  1211 | D:2      | Shot with a stone by a goblin

Illustrated notes

Levels and vault maps discovered:
D:1:      onia_arrival_pyramid, layout_rooms, minmay_cupped
D:2:      layout_basic, lemuel_doored_altar, uniq_robin, uniq_crazy_yiuf_cottage

Skill      XL: |  1  2  3 |
---------------+----------+-----
Fighting       | 1 |  1.3
Spellcasting   | 3 |  3.0
Dodging        | |  2.0
Stealth        | |  2.6
Conjurations   | |  4.3

Action                   || total
-------------------------++-------
Melee: Unarmed           ||    11
       Dagger            ||    54
       Constrict         ||    19
       Tentacles         ||     7
 Cast: Magic Dart        ||    15
 Stab: Sleeping          ||    10
  Eat: Chunk             ||     1
Armor: Skin              ||    11
Dodge: Dodged            ||    55
